AoeStats
← AlesiGNZ2

Black Forest

504163329Analyzed
2v2 RM · 1mo ago on Sep 4, 2026· 124m 56s· 4 players
Game mode
Random Map
Map size
Medium (4 player)
Population
200
Speed
Normal
Resources
Standard
Victory
Conquest
Starting age
Dark Age
Ending age
Imperial Age
RankedLock teamsTeams togetherTeam positionsShared explorationLock speedFull tech treeHidden civsTurbo modeCheats
Victory
Defeat
🇦🇷 Portuguese · Argentina
994
+16
🇦🇷 Teutons · Argentina
991
+16
🇨🇱 Khmer · Chile
1005
-16
🇨🇱 Aztecs · Chile
995
-16
AlesiGNZ2
0:29 Loom
14:43 Feudal Age
16:29 Double-Bit Axe
21:17 Castle Age
19:17 Man-at-Arms
33:05 Gold Mining
35:29 Forging
42:51 Imperial Age
40:28 Stone Mining
41:30 Gambesons
41:48 Scale Mail Armor
45:34 Wheelbarrow
46:48 Scale Barding Armor
46:43 Cavalier
49:04 Chain Barding Armor
49:26 Conscription
53:09 Hand Cart
52:41 Horse Collar
53:15 Bow Saw
55:45 Elite Teutonic Knight
57:27 Paladin
59:57 Caravan
60:48 Heavy Scorpion
63:44 Chemistry
63:06 Ballistics
63:23 Heavy Plow
64:05 Iron Casting
63:47 Chain Mail Armor
78:21 Two-Man Saw
88:56 Long Swordsman
93:14 Plate Mail Armor
93:20 Plate Barding Armor
93:46 Blast Furnace
93:21 Bloodlines
102:33 Two-Handed Swordsman
103:35 Champion
warmix7732
2:13 Loom
13:14 Feudal Age
13:55 Double-Bit Axe
15:36 Fishing Lines
16:35 Horse Collar
17:56 Town Watch
21:57 Castle Age
20:23 Stone Mining
20:57 Gold Mining
23:10 Bow Saw
23:03 Heavy Plow
23:41 Stone Shaft Mining
27:09 Wheelbarrow
27:26 Fletching
31:04 Padded Archer Armor
31:56 Bodkin Arrow
32:39 Leather Archer Armor
36:50 Town Patrol
40:25 Scale Mail Armor
40:38 Forging
40:56 Ballistics
41:13 Hand Cart
42:23 Iron Casting
42:04 Chain Mail Armor
45:11 Imperial Age
45:54 Pikeman
48:00 Chemistry
48:30 Blast Furnace
47:31 Bracer
46:54 Light Cavalry
47:44 Bloodlines
50:16 Scale Barding Armor
51:13 Fervor
51:25 Sanctity
57:38 Guilds
57:13 Elite Organ Gun
58:32 Crop Rotation
59:06 Two-Man Saw
60:46 Ring Archer Armor
60:49 Plate Mail Armor
60:55 Bombard Tower
60:49 Murder Holes
61:33 Husbandry
64:15 Arquebus
63:49 Sappers
64:20 Circumnavigation
64:40 Caravan
64:34 Treadmill Crane
64:30 Halberdier
65:54 Chain Barding Armor
74:28 Plate Barding Armor
Gekyume
0:29 Loom
12:42 Feudal Age
17:29 Castle Age
26:32 Double-Bit Axe
34:11 Scale Barding Armor
37:54 Husbandry
41:09 Imperial Age
39:50 Horse Collar
40:47 Heavy Plow
40:58 Gold Mining
41:26 Bow Saw
42:34 Heavy Scorpion
44:15 Wheelbarrow
43:28 Town Watch
45:09 Double Crossbow
46:09 Gold Shaft Mining
47:52 Ballistics
48:37 Cavalier
54:33 Chemistry
53:04 Pikeman
53:30 Arson
54:23 Scale Mail Armor
54:33 Forging
54:31 Halberdier
60:11 Iron Casting
59:51 Chain Mail Armor
59:56 Chain Barding Armor
62:17 Blast Furnace
61:57 Caravan
75:48 Plate Barding Armor
74:53 Elite Battle Elephant
87:38 Fortified Wall
Lerny
12:40 Feudal Age
14:15 Loom
17:43 Castle Age
15:58 Double-Bit Axe
28:48 Wheelbarrow
27:58 Horse Collar
30:20 Fletching
33:09 Padded Archer Armor
33:13 Heavy Plow
34:11 Gold Mining
36:28 Crossbowman
37:17 Bodkin Arrow
41:20 Gold Shaft Mining
41:46 Murder Holes
43:28 Hand Cart
43:01 Town Watch
46:31 Imperial Age
45:59 Leather Archer Armor
46:10 Ballistics
46:32 Town Patrol
46:45 Bow Saw
46:34 Arbalester
48:54 Scale Mail Armor
49:04 Forging
48:49 Pikeman
49:31 Squires
50:29 Chain Mail Armor
51:08 Gambesons
52:43 Stone Mining
53:29 Crop Rotation
55:47 Iron Casting
58:36 Chemistry
59:07 Blast Furnace
58:37 Plate Mail Armor
58:12 Bracer
59:33 Garland Wars
60:39 Siege Engineers
62:12 Conscription
61:42 Arson
62:49 Caravan
71:02 Eagle Warrior
73:06 Plate Mail Armor
73:36 Blast Furnace
72:22 Elite Eagle Warrior
74:41 Fortified Wall
Connection lost

Rejoining the realm…

Still unreachable

The connection could not be restored.

Session expired

The server has moved on; the page needs a fresh start.